 Dungeon Crawl Stone Soup version 0.21-a0-221-gfe971b9 (webtiles) character file.

50281 MackTheKnife the Transmogrifier (level 14, 0/66 HPs)
             Began as a Felid Transmuter on Aug 23, 2017.
             Was an Initiate of Gozag.
             Slain by a spectral seven-headed hydra (1 damage)
             ... called from beyond by a ghost crab
             ... on level 1 of the Swamp on Aug 24, 2017.
             The game lasted 01:26:40 (29018 turns).

MackTheKnife the Transmogrifier (Felid Transmuter) Turns: 29018, Time: 01:26:41

Health: 0/66       AC:  7    Str:  9    XL:     14   Next: 19%
Magic:  27/28      EV: 27    Int: 19    God:    Gozag
Gold:   2357       SH:  0    Dex: 17    Spells: 1/31 levels left
                                        Lives:  0   Deaths: 4

rFire    + . .     SeeInvis +     - Unarmed
rCold    + + .     Gourm    .   (shield unavailable)
rNeg     + . .     Faith    .   (armour unavailable)
rPois    .         Spirit   .   (helmet unavailable)
rElec    +         Reflect  .   (cloak unavailable)
rCorr    .         Harm     .   (gloves unavailable)
MR       ++...                  (boots unavailable)
Stlth    ++........             w - amulet of Doniax {rF+ rN+ Regen+}
HPRegen  0.61/turn              a - ring of Compassion {rElec rC+ Str+3 Stlth+}
MPRegen  0.21/turn              d - +4 ring of protection

@: gold aura, drained, very slow
A: no armour, no weapons or thrown items, stealth, claws 1, fangs 3, see
invisible, carnivore 3, speed 1, shaggy fur 3, slow metabolism 1, sharp paws
a: Potion Petition, Call Merchant, Bribe Branch, Renounce Religion


You were on level 1 of the Swamp.
You worshipped Gozag.
Gozag was most pleased with you.
You were not hungry.

You visited 5 branches of the dungeon, and saw 25 of its levels.

You collected 7564 gold pieces.
You spent 2384 gold pieces at shops.
You paid 2823 gold pieces to Gozag.

Inventory:

Missiles
 o - 205 arrows
Jewellery
 a - the ring of Compassion (left paw) {rElec rC+ Str+3 Stlth+}
   (You bought it in a shop on level 6 of the Lair of Beasts)

   [ring of stealth]

   It affects your strength (+3).
   It protects you from cold.
   It insulates you from electricity.
   It makes you more stealthy.
 b - an uncursed ring of protection from fire {rF+, !d}
   (You found it on level 2 of the Lair of Beasts)
 d - a +4 ring of protection (right paw)
   (You bought it in a shop on level 3 of the Lair of Beasts)
 l - an uncursed ring of resist corrosion
   (You found it on level 10 of the Dungeon)
 p - an uncursed ring of fire {rF+, rC-}
   (You found it on level 7 of the Dungeon)
 v - an uncursed ring of protection from magic {MR+, !d}
   (You found it on level 15 of the Dungeon)
 w - the amulet of Doniax (around neck) {rF+ rN+ Regen+}
   (You bought it in a shop on level 8 of the Dungeon)

   [amulet of regeneration]

   It protects you from fire.
   It protects you from negative energy.
   It increases your rate of regeneration.
Wands
 s - a wand of paralysis (2/24)
   (You found it on level 3 of the Lair of Beasts)
 y - a wand of iceblast (8/15)
   (You found it on level 15 of the Dungeon)
Scrolls
 f - a scroll of blinking {!r}
 g - 3 scrolls of fog
 j - 6 scrolls of teleportation
 u - 3 scrolls of identify
 x - 10 scrolls of remove curse
 E - a scroll of fear
Potions
 e - 4 potions of flight
 h - 6 potions of curing
 i - 3 potions of heal wounds
 k - 2 potions of brilliance
 m - a potion of ambrosia
 n - 4 potions of lignification {!q}
 q - a potion of cancellation
 r - 3 potions of berserk rage {!q}
 t - 2 potions of might
 z - a potion of magic
 A - 3 potions of resistance
 C - 2 potions of agility
Books
 D - a book of Geomancy
   (You found it on level 1 of the Swamp)
Miscellaneous
 B - a phial of floods
   (You found it on level 5 of the Lair of Beasts)
Comestibles
 c - 8 meat rations {@e2}


   Skills:
 - Level 10.8(10.5) Fighting
 - Level 11.8(11.4) Dodging
 - Level 3.5(3.1) Stealth
 - Level 11.6(11.2) Unarmed Combat
 + Level 9.4(9.0) Spellcasting
 + Level 13.8(13.4) Transmutations
 - Level 3.6(3.3) Ice Magic
 - Level 11.2(10.8) Earth Magic


You had one spell level left.
You knew the following spells:

 Your Spells              Type           Power        Failure   Level  Hunger
a - Ice Form              Ice/Tmut       #####...     2%          4    ###....
b - Statue Form           Tmut/Erth      ######...    9%          6    ######.
c - Hydra Form            Tmut           ######....   4%          6    ######.
d - Blink                 Tloc           N/A          12%         2    None
e - Lee's Rapid Deconstr  Erth           #####.....   2%          5    #####..
f - Petrify               Tmut/Erth      ######..     1%          4    ###....
s - Sticks to Snakes      Tmut           ######..     1%          2    None
z - Beastly Appendage     Tmut           ######       1%          1    None


Dungeon Overview and Level Annotations

Branches:
Dungeon (15/15)            Temple (1/1) D:5            Lair (6/6) D:11
  Swamp (1/4) Lair:4        Snake (0/4) Lair:2        Slime (0/5) Lair:5
    Orc (2/2) D:12            Elf (0/3) Orc:2        Vaults (0/5) D:14
 Depths: D:15

Altars:
Ashenzari
Cheibriados
Dithmenos
Elyvilon
Fedhas
Gozag
Hepliaklqana
Kikubaaqudgha
Makhleb
Nemelex Xobeh
Okawaru
Qazlal
Ru
Sif Muna
Trog
Uskayaw
Vehumet
Wu Jian
Xom
Yredelemnul
Zin
The Shining One
Beogh

Shops:
D:8 =   D:11 %}   Orc:2 [}%!   Lair:3 =   Lair:6 *

Annotations:
D:3 2 transporters, Menkaure
D:4 1 runed door, Sigmund
D:5 exclusion: upstairs, Grinder
D:6 Pikel
D:9 Grum
D:12 Snorg
D:14 Rupert
D:15 exclusion: door
Lair:2 exclusions: hydra and 3 nagas
Lair:3 exclusions: Fannar and blink frog, Fannar
Lair:4 exclusions: death yak and upstairs
Lair:5 exclusion: Urug, Urug
Lair:6 exclusion: oklob plant
Orc:1 exclusion: Erica, Erica


Innate Abilities, Weirdness & Mutations

You cannot wear armour.
You are incapable of wielding weapons or throwing items.
Your paws allow you to move quietly. (Stealth)
You have sharp claws.
You have razor-sharp teeth.
You have supernaturally acute eyesight. (SInv)
You are carnivorous and can eat meat at any time.
You cover ground quickly.
Your thick and shaggy fur keeps you warm. (AC +3, rC+)
You have a slow metabolism.
Your sharp claws are effective at attacking unaware monsters.


Message History

You miss the tyrant leech. The tyrant leech completely misses you.
You scratch the tyrant leech.
The tyrant leech bites you but does no damage.
You claw the tyrant leech! The tyrant leech misses you.
You closely miss the tyrant leech.
The tyrant leech is distracted by the nearby gold.
You eviscerate the tyrant leech!!!
You kill the tyrant leech!
You now have 2287 gold pieces (gained 21).
You regained 2 hp, and now have 55/85 hp.
You now have 2312 gold pieces (gained 25).
You regained 2 hp, and now have 57/85 hp.
You now have 2330 gold pieces (gained 18).
You start resting.
Health restored: 85; MP restored: 28 Unknown command.
u - 4 scrolls of identify (gained 1)
As you read the scroll of identify, it crumbles to dust.
y - a wand of iceblast (8/15)
Your transformation is almost over.
Why would you want to do that? Why would you want to do that?
Why would you want to do that?
You revert to your normal fleshy form.
You now have 66/66 hp.
You enter the shallow water.
Moving in this stuff is going to be slow.
j - 6 scrolls of teleportation (gained 1)
You enter the shallow water.
Moving in this stuff is going to be slow.
You enter the shallow water.
Moving in this stuff is going to be slow.
E - a scroll of fear Why would you want to do that?
You now have 2350 gold pieces (gained 20).
A spiny frog comes into view.
A spiny frog is nearby!
A spiny frog is nearby!
A spiny frog is nearby!
The spiny frog croaks.
Okay, then.
You turn into a creature of crystalline ice.
You now have 79/79 hp.
You hit the spiny frog. You freeze the spiny frog.
The spiny frog barely misses you.
You barely miss the spiny frog. The spiny frog completely misses you.
You hit the spiny frog. You freeze the spiny frog. The spiny frog stings you!
You take 11 damage, and have 68/79 hp.
You punch the spiny frog! You freeze the spiny frog!
The spiny frog stings you but does no damage.
You hit the spiny frog. You freeze the spiny frog.
You kill the spiny frog!
You now have 2357 gold pieces (gained 7).
A ghost crab comes into view.
The ghost crab breathes spectral mist at you.
The spectral mist engulfs you!
You are engulfed in spectral mist.
You take 4 damage, and have 67/79 hp.
The ghost crab breathes spectral mist at you.
The spectral mist engulfs you!
The spectral seven-headed hydra barely misses you.
The spectral seven-headed hydra closely misses you.
The spectral seven-headed hydra bites you but does no damage.
The spectral seven-headed hydra misses you.
The spectral seven-headed hydra closely misses you.
The spectral seven-headed hydra bites you!
The spectral seven-headed hydra completely misses you.
You take 12 damage, and have 55/79 hp.
You warm up again.
You are engulfed in spectral mist.
The spectral seven-headed hydra bites you but does no damage.
The spectral seven-headed hydra bites you. x2
The spectral seven-headed hydra closely misses you.
The spectral seven-headed hydra completely misses you.
The spectral seven-headed hydra closely misses you.
The spectral seven-headed hydra bites you!
You partially resist.
You feel drained.
You now have 27/66 hp.
You enter the shallow water.
Moving in this stuff is going to be slow.
You are engulfed in spectral mist.
* * * LOW HITPOINT WARNING * * *
The ghost crab breathes spectral mist at you.
The spectral mist engulfs you!
The spectral seven-headed hydra bites you.
* * * LOW HITPOINT WARNING * * *
The spectral seven-headed hydra closely misses you.
The spectral seven-headed hydra misses you.
The spectral seven-headed hydra barely misses you.
The spectral seven-headed hydra bites you.
* * * LOW HITPOINT WARNING * * *
The spectral seven-headed hydra bites you!
* * * LOW HITPOINT WARNING * * *
The spectral seven-headed hydra bites you.
* * * LOW HITPOINT WARNING * * *
You partially resist.
You feel drained.
You die...
Your body crumbles into a pile of gold.

≈....≈.≈≈.≈≈≈≈≈≈≈≈.§.....
.≈.≈.≈.♣≈≈.≈..≈≈≈≈.≈≈≈...
≈≈≈≈≈.♣.≈♣≈♣≈≈≈≈≈......≈
≈......♣≈≈≈§≈..≈.≈♣.≈≈♣
♣§.≈≈.≈≈≈.≈..≈≈..♣..♣≈
♣tZ§§§...≈.≈♣≈.♣♣ ≈≈≈
♣§§§§§≈≈.≈.....♣ ≈≈
♣§§Z♣≈≈≈....♣.♣ ..
♣♣§@§...♣.....♣♣
♣§Z§.♣....≈.≈≈♣
♣≈§♣♣.♣♣♣≈..♣.♣♣
♣≈♣♣≈≈.♣♣♣.♣♣.♣ ♣. ♣♣.♣♣
♣.♣♣.♣ ♣♣ ♣♣♣ ♣.♣♣♣♣ ♣.♣
♣♣♣


You could see a ghost crab, a spectral seven-headed hydra, a spectral spiny frog
and a spectral swamp drake.

Vanquished Creatures
  A fire dragon (Lair:6)
  3 hydras
  4 centaur warriors
  A catoblepas (D:15)
  3 two-headed ogres
  A tengu warrior (D:15)
  3 orc high priests (Orc:2)
  Sonja (D:13)
  A fire crab (Lair:4)
  A swamp dragon (Swamp:1)
  3 unseen horrors
  A lindwurm (Lair:6)
  6 orc knights (Orc:2)
  3 orc sorcerers (Orc:2)
  A wolf spider (D:15)
  A manticore (D:13)
  12 ugly things (D:15)
  2 centaur zombies
  2 cyclopes
  4 elephants
  2 black mambas
  3 torpor snails (Lair:6)
  A gargoyle (D:13)
  10 spiny frogs
  A rime drake (Lair:1)
  4 komodo dragons
  A queen bee (Lair:3)
  7 trolls
  6 tyrant leeches
  A polar bear (Lair:5)
  7 blink frogs
  9 hornets
  4 dream sheep (Lair:5)
  14 hippogriffs
  4 slime creatures
  A bog body (Swamp:1)
  3 shadows
  3 wyverns
  4 basilisks
  A wraith (D:11)
  42 yaks
  11 vampire mosquitoes
  3 hungry ghosts
  A steam dragon (Lair:3)
  11 wargs
  4 swamp worms
  15 porcupines
  2 soldier ants
  17 water moccasins
  A swamp drake (Swamp:1)
  A hornet zombie (D:14)
  2 ice beasts
  19 orc warriors
  A slave (D:6)
  A black bear (D:9)
  5 necrophages (Lair:3)
  2 phantoms
  15 ogres
  9 centaurs
  24 wolves
  15 crocodiles
  4 big kobolds
  15 bullfrogs
  A wyvern skeleton (D:12)
  5 scorpions
  34 killer bees
  8 wights
  3 howler monkeys
  10 electric eels
  6 crimson imps
  3 bullfrog zombies
  A quasit (D:13)
  2 centaur skeletons
  10 hounds
  6 jellies
  16 orc priests
  3 bullfrog skeletons
  11 orc wizards
  3 iguanas
  Natasha (D:4)
  9 worker ants
  2 hound zombies
  2 worker ant zombies
  12 adders
  7 gnolls
  A howler monkey skeleton (D:8)
  A river rat (Lair:3)
  2 shadow imps
  2 oozes
  An adder zombie (D:5)
  An adder skeleton (D:8)
  A worm (D:10)
  2 dart slugs (D:2)
  5 leopard geckos
  56 orcs
  4 giant cockroaches
  8 goblins
  5 hobgoblins
  2 jackals (D:2)
  18 kobolds
  3 quokkas
  A ball python (D:2)
  7 bats
  3 frilled lizards
  A jackal skeleton (D:5)
  5 rats
  A plant (Lair:6)
645 creatures vanquished.

Vanquished Creatures (collateral kills)
  An ogre mage (D:14)
  5 two-headed ogres
  A tengu warrior (D:15)
  An ugly thing (D:15)
  A black mamba (Lair:5)
  2 elephants (Lair:6)
  A cyclops (D:11)
  2 torpor snails (Lair:6)
  A komodo dragon (Lair:6)
  A rime drake (Lair:4)
  2 blink frogs
  Prince Ribbit (D:5)
  A dream sheep (Lair:5)
  A basilisk (Lair:3)
  6 yaks
  An orc warrior (D:7)
  An ogre (D:6)
  4 wolves
  A centaur (D:5)
  A bullfrog (D:11)
  A killer bee (D:15)
  A crimson imp (D:11)
  A quasit (D:11)
  A hound (D:11)
  A jelly (D:10)
  Natasha (twice) (D:4)
  A worker ant (D:14)
  4 gnolls
  An adder (D:4)
  An adder zombie (D:9)
  3 orcs
52 creatures vanquished.

Vanquished Creatures (others)
  An orc wizard (Orc:2)
  16 fungi
  12 plants
29 creatures vanquished.

Grand Total: 726 creatures vanquished

Notes
Turn   | Place    | Note
-------+----------+-------------------------------------------
     0 | D:1      | MackTheKnife the Felid Transmuter began the quest for the Orb.
     0 | D:1      | Reached XP level 1. HP: 9/9 MP: 4/4
   286 | D:1      | Reached XP level 2. HP: 12/12 MP: 6/6
   695 | D:1      | Reached skill level 4 in Unarmed Combat
   699 | D:1      | Learned a level 2 spell: Sticks to Snakes
  1116 | D:1      | Reached XP level 3. HP: 10/15 MP: 7/7
  1558 | D:2      | Reached skill level 3 in Dodging
  1558 | D:2      | Reached XP level 4. HP: 8/19 MP: 4/8
  1789 | D:2      | HP: 4/19 [gnoll/club (11)]
  2357 | D:2      | Found a glowing silver altar of Zin.
  2405 | D:2      | Found an ornate altar of the Wu Jian Council.
  2669 | D:2      | Reached skill level 5 in Unarmed Combat
  2828 | D:2      | Reached skill level 4 in Dodging
  3060 | D:3      | Reached XP level 5. HP: 20/22 MP: 4/9
  3074 | D:3      | Reached skill level 1 in Stealth
  3329 | D:3      | Found a snail-covered altar of Cheibriados.
  3343 | D:3      | Found a transporter.
  3343 | D:3      | Found a basalt altar of Yredelemnul.
  3345 | D:3      | Noticed Menkaure
  3347 | D:3      | Found an ancient bone altar of Kikubaaqudgha.
  3815 | D:3      | Found a transporter.
  3815 | D:3      | Noticed a hungry ghost
  3848 | D:4      | Noticed Natasha
  3901 | D:4      | Noticed Sigmund
  3967 | D:4      | Reached skill level 2 in Stealth
  4014 | D:4      | Found a glowing golden altar of the Shining One.
  4015 | D:4      | Found a runed door.
  4015 | D:4      | Noticed an angel
  4096 | D:4      | Killed Natasha
  4120 | D:4      | Noticed Natasha
  4287 | D:4      | Killed Natasha
  4295 | D:4      | Noticed Natasha
  4299 | D:4      | HP: 1/22 [Natasha (8)]
  4300 | D:4      | Killed Natasha
  4300 | D:4      | Reached skill level 3 in Stealth
  4326 | D:4      | Gained mutation: You are covered in thick fur. (AC +2) [Felid growth]
  4326 | D:4      | Reached XP level 6. HP: 10/25 MP: 5/10
  4335 | D:4      | HP: 6/25 [poisoned by a worker ant]
  4342 | D:4      | HP: 4/25 [poisoned by a worker ant]
  4350 | D:4      | HP: 3/25 [poisoned by a worker ant]
  4728 | D:5      | Entered Level 5 of the Dungeon
  4924 | D:5      | Found a staircase to the Ecumenical Temple.
  4932 | Temple   | Entered the Ecumenical Temple
  5109 | D:5      | HP: 6/25 [centaur (4)]
  5120 | D:5      | Reached skill level 5 in Dodging
  5120 | D:5      | Reached skill level 6 in Unarmed Combat
  5157 | D:4      | HP: 5/25 [hound (4)]
  5411 | D:4      | Learned a level 4 spell: Ice Form
  5513 | D:5      | Reached XP level 7. HP: 14/28 MP: 9/11
  5785 | D:5      | Reached skill level 1 in Ice Magic
  5856 | D:5      | Reached skill level 3 in Transmutations
  5886 | D:5      | Found an opulent altar of Gozag.
  5916 | D:5      | Noticed Prince Ribbit
  5918 | D:5      | HP: 3/28 [Prince Ribbit (11)]
  5993 | D:5      | Became a worshipper of Gozag Ym Sagoz the Greedy
  6237 | D:5      | Killed Prince Ribbit
  6237 | D:5      | Reached skill level 2 in Ice Magic
  6328 | D:5      | Reached skill level 4 in Transmutations
  6352 | D:5      | Noticed Grinder
  6354 | D:5      | Paralysed by Grinder for 2 turns
  6832 | D:6      | Reached skill level 3 in Ice Magic
  6843 | D:6      | Noticed Pikel
  6971 | D:6      | HP: 6/28 [black bear (7)]
  7311 | D:6      | Noticed a slime creature
  7561 | D:5      | HP: 6/28 [gnoll/halberd (17)]
  7621 | D:5      | Reached XP level 8. HP: 12/32 MP: 9/12
  7883 | D:6      | Reached skill level 5 in Transmutations
  8146 | D:6      | Found a stormy altar of Qazlal.
  8146 | D:6      | Found a burning altar of Makhleb.
  8147 | D:6      | Found a bloodstained altar of Trog.
  9001 | D:7      | Killed from afar by an orc priest
  9002 | D:7      | Reached XP level 7. HP: -7/28 MP: 8/12
  9013 | D:7      | Reached skill level 3 in Spellcasting
  9207 | D:7      | Reached skill level 6 in Transmutations
  9311 | D:8      | Found Wilatej's Jewellery Shoppe.
  9337 | D:8      | Bought the amulet of Doniax {rF+ rN+ Regen+} for 578 gold pieces
  9431 | D:8      | Found an iron altar of Okawaru.
  9522 | D:8      | Noticed a hungry ghost
  9534 | D:8      | Killed a hungry ghost
  9534 | D:8      | Reached skill level 4 in Spellcasting
  9534 | D:8      | Reached XP level 8. HP: 32/32 MP: 11/15
  9581 | D:8      | Reached skill level 7 in Transmutations
  9727 | D:8      | Noticed a two-headed ogre
  9749 | D:8      | Killed a two-headed ogre
  9749 | D:8      | Reached skill level 5 in Spellcasting
  9749 | D:8      | Reached skill level 8 in Transmutations
 10078 | D:8      | Reached skill level 2 in Fighting
 10078 | D:8      | Reached XP level 9. HP: 22/37 MP: 13/18
 10395 | D:9      | Found a shadowy altar of Dithmenos.
 10513 | D:9      | Reached skill level 3 in Fighting
 10614 | D:9      | Noticed Grum
 10764 | D:9      | Reached skill level 4 in Fighting
 10834 | D:9      | Noticed a two-headed ogre
 10838 | D:9      | Reached skill level 5 in Fighting
 10870 | D:9      | Killed a two-headed ogre
 10870 | D:9      | Reached skill level 6 in Fighting
 11117 | D:9      | Reached skill level 6 in Dodging
 11329 | D:10     | Entered Level 10 of the Dungeon
 11355 | D:10     | Learned a level 6 spell: Statue Form
 11873 | D:10     | Reached skill level 7 in Unarmed Combat
 12269 | D:10     | Reached skill level 7 in Dodging
 12274 | D:10     | Reached XP level 10. HP: 45/45 MP: 15/19
 12401 | D:11     | Noticed a deep elf mage
 12523 | D:11     | Noticed a brown ugly thing
 12708 | D:11     | Found Jamimed's Food Shop.
 12757 | D:11     | Reached skill level 8 in Dodging
 12767 | D:11     | Bought a royal jelly for 28 gold pieces
 12767 | D:11     | Bought a royal jelly for 28 gold pieces
 12767 | D:11     | Bought a royal jelly for 28 gold pieces
 12767 | D:11     | Bought a royal jelly for 28 gold pieces
 12802 | D:11     | Found a staircase to the Lair.
 12808 | D:11     | HP: 5/54 [wolf (10)]
 12810 | D:11     | Slain by a wolf
 12811 | D:11     | Reached XP level 9. HP: -1/49 MP: 17/18
 12839 | D:11     | Reached skill level 8 in Unarmed Combat
 12852 | D:11     | Noticed a troll
 12864 | D:11     | Killed a troll
 13015 | D:11     | Noticed a two-headed ogre
 13016 | D:11     | Noticed a cyclops
 13041 | D:11     | Killed a two-headed ogre
 13041 | D:11     | Reached skill level 7 in Fighting
 13124 | D:11     | Reached skill level 9 in Unarmed Combat
 13124 | D:11     | Reached XP level 10. HP: 28/47 MP: 17/19
 13245 | D:11     | Killed a cyclops
 13298 | D:11     | Noticed an unseen horror
 13307 | D:11     | Killed an unseen horror
 13361 | D:11     | Reached skill level 8 in Fighting
 13485 | Lair:1   | Entered Level 1 of the Lair of Beasts
 13640 | Lair:1   | Reached skill level 10 in Unarmed Combat
 14025 | Lair:1   | Learned a level 6 spell: Hydra Form
 14145 | Lair:1   | Reached XP level 11. HP: 40/52 MP: 20/20
 14149 | Lair:1   | Reached skill level 9 in Dodging
 14580 | Lair:2   | Learned a level 2 spell: Blink
 14812 | Lair:2   | Found a staircase to the Snake Pit.
 14937 | Lair:2   | Reached skill level 10 in Dodging
 14937 | Lair:2   | Reached skill level 11 in Unarmed Combat
 14980 | Lair:2   | Reached skill level 9 in Fighting
 15232 | Lair:2   | HP: 15/63 [bullfrog (3)]
 15316 | Lair:2   | Noticed a five-headed hydra
 15598 | Lair:3   | Bought a +4 ring of protection for 540 gold pieces
 15784 | Lair:3   | Reached skill level 11 in Dodging
 16342 | Lair:3   | Reached skill level 10 in Fighting
 16555 | Lair:3   | Reached skill level 6 in Spellcasting
 16797 | Lair:3   | Noticed Fannar
 16808 | Lair:3   | Noticed a catoblepas
 17031 | Lair:4   | Gained mutation: Your thick and shaggy fur keeps you warm. (AC +3, rC+) [Felid growth]
 17031 | Lair:4   | Reached XP level 12. HP: 58/58 MP: 17/22
 17159 | Lair:4   | Noticed a death yak
 17286 | Lair:3   | Reached skill level 9 in Transmutations
 17501 | Lair:4   | Reached skill level 7 in Spellcasting
 17664 | Lair:4   | HP: 14/69 [fire crab (7)]
 17664 | Lair:4   | HP: 2/69 [fire crab (12)]
 17877 | Lair:4   | Reached skill level 10 in Transmutations
 17878 | Lair:4   | Found a staircase to the Swamp.
 18293 | Lair:5   | Reached skill level 8 in Spellcasting
 18476 | Lair:5   | Noticed Urug
 18487 | Lair:5   | Found a staircase to the Slime Pits.
 18636 | Lair:5   | Reached skill level 11 in Transmutations
 19241 | Lair:6   | Entered Level 6 of the Lair of Beasts
 19408 | Lair:6   | Reached skill level 9 in Spellcasting
 19575 | Lair:6   | Reached XP level 13. HP: 61/61 MP: 20/27
 19896 | Lair:6   | Reached skill level 12 in Transmutations
 19917 | Lair:6   | Found a runed door.
 20073 | Lair:6   | Bought a potion of heal wounds for 65 gold pieces
 20635 | Lair:6   | Slain by a tyrant leech
 20636 | Lair:6   | Reached XP level 12. HP: -3/70 MP: 26/26
 20874 | Lair:6   | Noticed a fire dragon
 20887 | Lair:6   | HP: 18/76 [fire dragon (5)]
 20888 | Lair:6   | HP: 7/76 [fire dragon (11)]
 20889 | Lair:6   | Killed from afar by a fire dragon
 20890 | Lair:6   | Reached XP level 11. HP: -4/71 MP: 22/25
 20930 | Lair:6   | Killed a fire dragon
 21245 | D:11     | Reached skill level 1 in Earth Magic
 21340 | Lair:4   | Noticed an eight-headed hydra
 21365 | Lair:4   | Noticed a death yak
 21365 | Lair:4   | Noticed a death yak
 21437 | Lair:6   | Bought the ring of Compassion {rElec rC+ Str+3 Stlth+} for 582 gold pieces
 21437 | Lair:6   | Bought a scroll of teleportation for 39 gold pieces
 21507 | Lair:4   | Noticed an eight-headed hydra
 21592 | D:11     | Reached skill level 2 in Earth Magic
 21729 | D:12     | Found a staircase to the Orcish Mines.
 21780 | Orc:1    | Entered Level 1 of the Orcish Mines
 21872 | D:12     | Reached skill level 3 in Earth Magic
 22601 | D:12     | Noticed Snorg
 22629 | D:12     | HP: 5/55 [Snorg (22)]
 22686 | D:11     | Reached skill level 4 in Earth Magic
 22722 | D:11     | Noticed a two-headed ogre
 22746 | D:11     | Killed a two-headed ogre
 22746 | D:11     | Reached XP level 12. HP: 59/59 MP: 26/26
 22855 | D:12     | Noticed a fire dragon
 23084 | Orc:1    | Found a burning altar of Makhleb.
 23156 | Orc:1    | Noticed Erica
 23240 | Orc:1    | Reached skill level 5 in Earth Magic
 23254 | Orc:1    | Found a roughly hewn altar of Beogh.
 23444 | Orc:2    | Entered Level 2 of the Orcish Mines
 23557 | Orc:2    | Noticed an ettin
 23575 | Orc:2    | HP: 12/76 [ettin/dire flail (34)]
 23582 | Orc:1    | HP: 14/76 [warg (2)]
 23796 | Orc:2    | Reached skill level 6 in Earth Magic
 24322 | Orc:2    | Found a staircase to the Elven Halls.
 24632 | Orc:2    | Noticed an orc high priest
 24728 | Orc:2    | Noticed an orc high priest
 24733 | Orc:2    | Killed an orc high priest
 24733 | Orc:2    | Reached skill level 7 in Earth Magic
 24813 | Orc:2    | Noticed an orc high priest
 24869 | Orc:2    | Killed an orc high priest
 25160 | Orc:2    | Found Hifiqus's Food Shoppe.
 25160 | Orc:2    | Found Xiucaf's Distillery.
 25165 | Orc:2    | Killed an orc high priest
 25165 | Orc:2    | Reached skill level 8 in Earth Magic
 25166 | Orc:2    | Found Pumuv's Gadget Boutique.
 25166 | Orc:2    | Found Xuces's Antique Armour Shoppe.
 25173 | Orc:2    | Bought a potion of heal wounds for 80 gold pieces
 25173 | Orc:2    | Bought a potion of curing for 48 gold pieces
 25173 | Orc:2    | Bought a potion of curing for 48 gold pieces
 25173 | Orc:2    | Bought a potion of brilliance for 64 gold pieces
 25178 | Orc:2    | Bought a meat ration for 60 gold pieces
 25178 | Orc:2    | Bought a meat ration for 60 gold pieces
 25178 | Orc:2    | Bought a meat ration for 60 gold pieces
 25178 | Orc:2    | Bought a royal jelly for 24 gold pieces
 25178 | Orc:2    | Bought a royal jelly for 24 gold pieces
 25541 | D:13     | Noticed a centaur warrior
 25557 | D:13     | Killed a centaur warrior
 25561 | D:13     | Reached XP level 13. HP: 63/63 MP: 21/27
 25632 | D:13     | Noticed Sonja
 25636 | D:13     | Killed Sonja
 25683 | D:13     | Reached skill level 9 in Earth Magic
 26266 | D:14     | Upgraded the game from 0.21-a0-216-g6d3fd91 to 0.21-a0-221-gfe971b9
 26424 | D:14     | Found a gate to the Vaults.
 26431 | D:14     | Reached skill level 10 in Earth Magic
 26441 | D:14     | HP: 15/63 [two-headed ogre/giant club (29)]
 26906 | D:14     | Noticed Rupert
 26937 | D:15     | Entered Level 15 of the Dungeon
 27575 | D:15     | Reached skill level 11 in Earth Magic
 27749 | D:15     | Found a deep blue altar of Sif Muna.
 28120 | D:15     | Reached skill level 13 in Transmutations
 28266 | D:15     | Reached XP level 14. HP: 66/66 MP: 22/28
 28641 | Swamp:1  | Entered Level 1 of the Swamp
 28834 | Swamp:1  | Learned a level 5 spell: Lee's Rapid Deconstruction
 28839 | Swamp:1  | Learned a level 4 spell: Petrify
 29018 | Swamp:1  | HP: 14/66 [spectral seven-headed hydra[a ghost crab] (4)]
 29018 | Swamp:1  | HP: 6/66 [spectral seven-headed hydra[a ghost crab] (8)]
 29018 | Swamp:1  | HP: 1/66 [spectral seven-headed hydra[a ghost crab] (5)]
 29018 | Swamp:1  | Slain by a spectral seven-headed hydra

Vault maps used:
D:1:      shiori_arrival_elements
D:2:      marbit_many_paths, lemuel_round_altar
D:3:      gammafunk_temple_of_torment, cheibriados_altar_1, wad_floor_pattern_1
D:4:      first_bread, grunt_ministairs_10, lemuel_angel_altar, uniq_sigmund,
          uniq_natasha
D:5:      nicolae_gozag_cash_rules_everything_around_me,
          minmay_temple_entry_fiery, serial_curves, eino_curves_01,
          eino_curves_02, eino_curves_02, eino_curves_03, uniq_prince_ribbit1,
          uniq_grinder
D:6:      lemuel_slime, gammafunk_temple_overflow_claw, sword_in_stone,
          uniq_pikel
D:7:      lemuel_flame_loot_1
D:8:      minmay_distorted_concentric_squares, serial_shops,
          nicolae_shop_window_shopping, okawaru_trees_1
D:9:      grunt_dithmenos_shadows, uniq_grum
D:10:     hangedman_pestilent_swarm
D:11:     erik_lair_island, serial_shops, shop_fountains, amethyst_killhole
D:12:     dragon1_lemuel, david_orc_3, grunt_ministairs_10, uniq_snorg
D:13:     minmay_misc_feat_roman, uniq_sonja
D:14:     david_vaults_2, minmay_misc_feat_ornament, uniq_rupert
D:15:     grunt_enter_depths_snipers, basic_altar, nrook_uturn
Temple:   nicolae_temple_hex_pool
Lair:1:   fungi_pond_lemuel
Lair:2:   guppyfry_snake_entry_garden, eino_small_chamber_without_monster,
          beast_lair_carwin_6
Lair:3:   regret_index_tunnel_blossom, roderic_carrion_pond, uniq_fannar
Lair:4:   nicolae_swamp_entry_splash_gauntlet, serial_bayou_shore_b,
          grunt_megastairs_2
Lair:5:   minmay_slime_entry_pillars, uniq_urug
Lair:6:   wormcave, grunt_megastairs_4
Swamp:1:  evilmike_swamp_ruin_house_3, swamp_pool5
Orc:1:    nicolae_orc_accident_2, bloody_makhleb, uniq_erica
Orc:2:    grunt_orc_tribal_feast

Skill      XL: |  1  2  3  4  5  6  7  8  9 10 11 12 13 |
---------------+----------------------------------------+-----
Unarmed Combat | 4 5 6 9 10 11 | 11.6
Dodging        | 3 4 5 7 8 11 | 11.8
Stealth        | 3 |  3.5
Ice Magic      | 3 |  3.6
Transmutations | 6 8 11 13 | 13.8
Spellcasting   | 4 5 6 9 |  9.4
Fighting       | 2 7 8 10 | 10.8
Earth Magic    | 4 8 11 | 11.2

Action                   |  1- 3 |  4- 6 |  7- 9 | 10-12 | 13-15 || total
-------------------------+-------+-------+-------+-------+-------++-------
Melee: Unarmed           |    87 |   185 |   494 |  1222 |   488 ||  2476
       Bite              |    10 |    17 |    37 |    14 |    15 ||    93
       Punch             |       |     2 |    10 |    10 |     7 ||    29
       Headbutt          |       |       |       |       |     1 ||     1
 Cast: Beastly Appendage |     1 |       |       |     1 |     1 ||     3
       Sticks to Snakes  |     3 |    20 |    55 |    62 |    23 ||   163
       Ice Form          |       |       |    16 |    97 |    28 ||   141
       Hydra Form        |       |       |       |    10 |     5 ||    15
       Statue Form       |       |       |       |       |    10 ||    10
       Petrify           |       |       |       |       |     1 ||     1
Invok: Call Merchant     |       |       |     1 |     1 |     1 ||     3
       Potion Petition   |       |       |       |     3 |       ||     3
 Abil: End Transformatio |       |       |     1 |    21 |     8 ||    30
Evoke: Wand              |       |       |     5 |    23 |     1 ||    29
       Phial of floods   |       |       |       |     1 |       ||     1
  Use: Scroll            |       |     5 |    11 |    19 |     3 ||    38
       Potion            |       |     3 |       |     4 |       ||     7
 Stab: Sleeping          |     3 |     8 |    10 |    14 |     6 ||    41
       Distracted        |       |     2 |     3 |    15 |     5 ||    25
       Paralysed         |       |       |       |    10 |     1 ||    11
  Eat: Chunk             |       |    13 |     2 |    10 |       ||    25
       Royal jelly       |       |       |     4 |    12 |     8 ||    24
       Meat ration       |       |       |     1 |       |     1 ||     2
Armor: Skin              |     3 |     9 |    41 |   172 |   154 ||   379
Dodge: Dodged            |    79 |   158 |   345 |   892 |   477 ||  1951

Table legend:
 A = Spawn XP
 B = Non-spawn XP
 C = Spawn XP percentage of total XP
 D = Spawn monster count
 E = Non-spawn monster count
 F = Spawn count percentage of total count
 G = Total turns spent on level
                    A         B        C        D         E        F      G
               +---------+---------+-------+---------+---------+-------+---------
         Total |   11498 |   97299 |  10.6 |      92 |     603 |  13.2 | 29018
               +---------+---------+-------+---------+---------+-------+---------
           D:1 |      11 |      28 |  28.2 |       3 |       9 |  25.0 |  1121
           D:2 |      36 |     104 |  25.7 |       8 |      23 |  25.8 |  1769
           D:3 |      16 |      63 |  20.3 |       2 |      10 |  16.7 |  1138
           D:4 |      55 |     178 |  23.6 |       1 |      10 |   9.1 |  1254
           D:5 |      29 |     632 |   4.4 |       4 |      20 |  16.7 |  1647
           D:6 |      90 |     463 |  16.3 |       2 |      15 |  11.8 |  1515
           D:7 |      62 |     156 |  28.4 |       2 |       7 |  22.2 |   803
           D:8 |     119 |    1664 |   6.7 |       2 |      18 |  10.0 |   991
           D:9 |      99 |    1783 |   5.3 |       6 |      26 |  18.8 |  1020
          D:10 |      48 |    1336 |   3.5 |       1 |      14 |   6.7 |  1213
          D:11 |    2123 |    5164 |  29.1 |       8 |      56 |  12.5 |  1450
          D:12 |     824 |    1429 |  36.6 |      10 |      18 |  35.7 |  1129
          D:13 |     465 |    9007 |   4.9 |       2 |      34 |   5.6 |   855
          D:14 |     139 |    4915 |   2.8 |       1 |      18 |   5.3 |   723
          D:15 |    2098 |   12718 |  14.2 |       7 |      26 |  21.2 |  1438
        Lair:1 |     355 |    4478 |   7.3 |       1 |      21 |   4.5 |   929
        Lair:2 |     435 |    3741 |  10.4 |       3 |      23 |  11.5 |  1440
        Lair:3 |     237 |    6201 |   3.7 |       2 |      50 |   3.8 |  1393
        Lair:4 |    1103 |    5680 |  16.3 |       2 |      31 |   6.1 |  1159
        Lair:5 |       0 |    6501 |   0.0 |       0 |      35 |   0.0 |  1219
        Lair:6 |    1566 |   13611 |  10.3 |      12 |      45 |  21.1 |  1898
       Swamp:1 |       0 |    4770 |   0.0 |       0 |      12 |   0.0 |   377
         Orc:1 |     165 |    2044 |   7.5 |       1 |      18 |   5.3 |   722
         Orc:2 |    1423 |   10633 |  11.8 |      12 |      64 |  15.8 |  1744
               +---------+---------+-------+---------+---------+-------+---------

Vault maps used:
D:1:      shiori_arrival_elements
D:2:      marbit_many_paths, lemuel_round_altar
D:3:      gammafunk_temple_of_torment, cheibriados_altar_1, wad_floor_pattern_1
D:4:      first_bread, grunt_ministairs_10, lemuel_angel_altar, uniq_sigmund,
          uniq_natasha
D:5:      nicolae_gozag_cash_rules_everything_around_me,
          minmay_temple_entry_fiery, serial_curves, eino_curves_01,
          eino_curves_02, eino_curves_02, eino_curves_03, uniq_prince_ribbit1,
          uniq_grinder
D:6:      lemuel_slime, gammafunk_temple_overflow_claw, sword_in_stone,
          uniq_pikel
D:7:      lemuel_flame_loot_1
D:8:      minmay_distorted_concentric_squares, serial_shops,
          nicolae_shop_window_shopping, okawaru_trees_1
D:9:      grunt_dithmenos_shadows, uniq_grum
D:10:     hangedman_pestilent_swarm
D:11:     erik_lair_island, serial_shops, shop_fountains, amethyst_killhole
D:12:     dragon1_lemuel, david_orc_3, grunt_ministairs_10, uniq_snorg
D:13:     minmay_misc_feat_roman, uniq_sonja
D:14:     david_vaults_2, minmay_misc_feat_ornament, uniq_rupert
D:15:     grunt_enter_depths_snipers, basic_altar, nrook_uturn
Temple:   nicolae_temple_hex_pool
Lair:1:   fungi_pond_lemuel
Lair:2:   guppyfry_snake_entry_garden, eino_small_chamber_without_monster,
          beast_lair_carwin_6
Lair:3:   regret_index_tunnel_blossom, roderic_carrion_pond, uniq_fannar
Lair:4:   nicolae_swamp_entry_splash_gauntlet, serial_bayou_shore_b,
          grunt_megastairs_2
Lair:5:   minmay_slime_entry_pillars, uniq_urug
Lair:6:   wormcave, grunt_megastairs_4
Swamp:1:  evilmike_swamp_ruin_house_3, swamp_pool5
Orc:1:    nicolae_orc_accident_2, bloody_makhleb, uniq_erica
Orc:2:    grunt_orc_tribal_feast

Table legend:
 A = Turns spent in this place as a percentage of turns spent in the entire game.
 B = Non-inter-level travel turns spent in this place as a percentage of non-inter-level travel turns spent in the entire game.
 C = Inter-level travel turns spent in this place as a percentage of turns spent in this place.
 D = Turns resting spent in this place as a percentage of non-inter-level travel turns spent in this place.
 E = Turns spent auto-exploring this place as a percentage of non-inter-level travel turns spent in this place.
 F = Non-inter-level travel turns spent in this place divided by the number of levels of this place that you've seen.
                   A       B       C       D       E      F
               +-------+-------+-------+-------+-------+----------------------
         Total | 100.0 | 100.0 |   4.9 |  24.1 |  38.9 | 1103.5
       Dungeon |  62.3 |  62.6 |   4.4 |  29.5 |  39.3 | 1151.9
        Temple |   0.2 |   0.2 |   4.2 |   0.0 |   0.0 |  68.0
          Lair |  27.7 |  27.4 |   6.0 |  14.9 |  42.9 | 1259.3
         Swamp |   1.3 |   1.4 |   0.0 |  21.0 |  14.9 | 377.0
  Orcish Mines |   8.5 |   8.4 |   6.4 |  15.1 |  28.7 | 1154.5
               +-------+-------+-------+-------+-------+----------------------

Table legend:
 A = Kills in this place as a percentage of kills in entire the game.
 B = Kills by you in this place as a percentage of kills by you in the entire game.
 C = Kills by friends in this place as a percentage of kills by friends in the entire game.
 D = Other kills in this place as a percentage of other kills in the entire game.
 E = Experience gained in this place as a percentage of experience gained in the entire game.
 F = Experience gained in this place divided by the number of levels of this place that you have seen.
                   A       B       C       D       E      F
               +-------+-------+-------+-------+-------+----------------------
         Total | 100.0 | 100.0 | 100.0 |   N/A | 100.0 | 4351.9
       Dungeon |  52.2 |  51.6 |  59.6 |   N/A |  42.1 | 3056.9
          Lair |  32.4 |  31.7 |  40.4 |   N/A |  40.4 | 7318.0
         Swamp |   1.7 |   1.9 |   0.0 |   N/A |   4.4 | 4770.0
  Orcish Mines |  13.7 |  14.8 |   0.0 |   N/A |  13.1 | 7132.5
               +-------+-------+-------+-------+-------+----------------------
